 Dungeon Crawl Stone Soup version 0.30.1-11-g7821555f0a (webtiles) character file.

Game seed: 15448911452040867644

8322 Wiggles the Cleaver (level 11, -4/97 HPs)
             Began as a Minotaur Berserker on Nov 15, 2023.
             Was an Elder of Trog.
             Killed by vampiric draining
             ... invoked by a vampire
              (20 damage)
             ... on level 11 of the Dungeon.
             The game lasted 00:13:58 (10650 turns).

Wiggles the Cleaver (Minotaur Berserker)           Turns: 10650, Time: 00:13:58

Health: -4/97      AC: 20    Str: 26    XL:     11   Next: 8%
Magic:  10/10      EV:  9    Int:  4    God:    Trog [****..]
Gold:   773        SH:  0    Dex: 10    Spells: 10/10 levels left

rFire   . . .        B - +7 battleaxe (freeze)
rCold   . . .        (shield currently unavailable)
rNeg    . . .        y - +0 plate armour
rPois   +            g - +2 hat
rElec   .            (no cloak)
rCorr   .            d - +2 pair of gloves
SInv    .            (no boots)
Will    .....        (no amulet) Stlth
                     a - ring of poison resistance
HPRegen 0.36/turn    (no ring)
MPRegen 0.12/turn

%: no passive effects
@: no status effects
A: horns 2, retaliatory headbutt
a: Renounce Religion, Berserk, Trog's Hand, Brothers in Arms


You were on level 11 of the Dungeon.
You worshipped Trog.
Trog was greatly pleased with you.
You visited 1 branch of the dungeon, and saw 11 of its levels.
You also visited: Ossuary.

You collected 773 gold pieces.

Inventory:

Hand Weapons
 B - a +7 battleaxe of freezing (weapon)
Armour
 d - a +2 pair of gloves (worn)
 g - a +2 hat (worn)
 y - a +0 plate armour (worn)
Jewellery
 a - a ring of poison resistance (left hand)
Wands
 j - a wand of polymorph (18)
 l - a wand of flame (10)
 r - a wand of iceblast (13)
 x - a wand of paralysis (28)
Scrolls
 b - 2 scrolls of amnesia
 c - 6 scrolls of identify
 e - 6 scrolls of fear
 f - a scroll of poison
 k - a scroll of silence
 o - 7 scrolls of teleportation
 p - 3 scrolls of magic mapping
 v - 2 scrolls of noise
Potions
 i - 3 potions of haste
 n - 2 potions of mutation
 q - 4 potions of curing
 s - 2 potions of invisibility
 w - a potion of ambrosia
 z - 2 potions of magic
 A - a potion of cancellation
Miscellaneous
 m - a tin of tremorstones (2/2)
 u - a lightning rod (4/4)


   Skills:
 + Level 9.1 Fighting
 + Level 14.8 Axes
 + Level 11.1 Armour
 + Level 4.3 Dodging
 + Level 1.7 Stealth


You had 10 spell levels left.
You didn't know any spells.
Your spell library was empty.

Dungeon Overview and Level Annotations

Branches:
Dungeon (11/15)            Temple (0/1) D:4            Lair (0/5) D:11
Ossuary (visited)
    Orc: D:9-12

Altars:
Ashenzari
Cheibriados
Fedhas
Gozag
Hepliaklqana
Makhleb
Nemelex Xobeh
Qazlal
Sif Muna
Uskayaw
Vehumet
Yredelemnul
Zin
The Shining One

Shops:
D:9 *


Innate Abilities, Weirdness & Mutations

You have a pair of horns on your head.
You reflexively headbutt those who attack you in melee.


Message History

Things that are here:
a yak corpse; a yak corpse Something hits you but does no damage.
Something hits you but does no damage. x2
Something hits you.
You slice something!! You freeze something! Trog accepts your kill.
Reactivating autopickup.
You feel a bit more experienced.
Your Armour skill increases to level 11!
A vampire comes into view.
Things that are here:
a yak corpse; a yak corpse
Things that are here:
a yak corpse; a yak corpse The vampire casts a spell.
The vampire flickers and vanishes!
Deactivating autopickup; reactivate with Ctrl-A.
You slice something!! You freeze something.
You hear some strange, mumbled words.
Something tries to affect you, but you resist.
You closely miss something. Something hits you but does no damage.
Something bites you.
Something draws strength from your injuries!
You barely miss something.
You hear some strange, mumbled words.
Something tries to affect you, but you resist.
You hit something.
You hear some strange, mumbled words.
Something tries to affect you, but you resist.
You miss something. Your headbutt misses something.
Something draws life force from you!
* * * LOW HITPOINT WARNING * * *
You hit something. You freeze something. Something hits you!
* * * LOW HITPOINT WARNING * * *
Something bites you.
* * * LOW HITPOINT WARNING * * *
Something draws strength from your injuries!
You barely miss something. Something draws life force from you!!
You die...

#......... ..#
#.......# #..#
#......###...##
..##.......#!....#
..............>...
.###~...~††......#
#....#.##....##
###...{.###..#
#....@#.#^..#
##............
###....#.....
##........
.#......^ .
..##.#. .. ... .#
.. ..## # ... ..#


There were no monsters in sight!

Vanquished Creatures
  A rime drake (D:11)
  An unseen horror (D:11)
  3 unseen horror zombies (D:8)
  A troll (D:10)
  2 polar bears (D:11)
  A hornet (D:9)
  8 yaks
  A wraith (D:10)
  A wyvern (D:9)
  A vampire (D:10)
  Grum (D:8)
  A steam dragon (D:9)
  3 acid dragons
  A hornet zombie (D:8)
  2 orc warriors
  A black bear (D:6)
  The ghost of Danienth the Covert, an amateur GnDe of Okawaru (D:5)
  5 ice beasts
  3 centaurs
  2 ogres
  4 wolves
  A kobold brigand (D:10)
  A gnoll sergeant (D:10)
  4 scorpions
  A bullfrog (D:8)
  14 wights
  A killer bee (D:10)
  3 howler monkeys
  2 centaur zombies
  6 hounds
  A gnoll bouda (D:7)
  8 orc priests
  3 iguanas
  4 orc wizards
  2 killer bee zombies (D:8)
  6 mummies
  2 howler monkey zombies (D:8)
  8 gnolls
  8 adders
  A shadow imp (D:7)
  A white imp (D:6)
  A worm (D:3)
  3 dart slugs
  16 orcs
  2 endoplasms
  5 giant cockroaches
  6 goblins
  6 hobgoblins
  4 jackals (D:1)
  A quokka (D:3)
  4 ball pythons
  2 bats (D:1)
  2 frilled lizards (D:1)
  4 hobgoblin zombies (Ossuary)
  10 kobolds
  4 rats
191 creatures vanquished.

Notes
Turn   | Place    | Note
-------+----------+-------------------------------------------
     0 | D:1      | Wiggles the Minotaur Berserker began the quest for the Orb.
     0 | D:1      | Reached XP level 1. HP: 19/19 MP: 0/0
    74 | D:1      | Reached XP level 2. HP: 24/27 MP: 1/1
   118 | D:1      | Found a faded altar of an unknown god.
   303 | D:1      | Reached skill level 4 in Axes
   325 | D:1      | Reached ** piety under Trog
   532 | D:1      | Reached XP level 3. HP: 33/33 MP: 2/2
   791 | D:2      | Found a broken altar of Ashenzari.
  1257 | D:2      | Identified the +1 robe of Boiling Hail {+Inv Str+3 Dex+3
                  | Slay-6}
  1625 | D:3      | Found a hide-covered altar of Uskayaw.
  1863 | D:3      | Reached XP level 4. HP: 41/41 MP: 3/3
  1882 | D:3      | Reached skill level 5 in Axes
  2465 | D:4      | Found a staircase to the Ecumenical Temple.
  2476 | D:4      | Reached XP level 5. HP: 46/47 MP: 4/4
  2662 | D:4      | Noticed an ogre
  2672 | D:4      | Killed an ogre
  2673 | D:4      | Reached skill level 6 in Axes
  2937 | D:4      | Found a sand-covered staircase.
  2944 | D:4      | Reached XP level 6. HP: 55/55 MP: 5/5
  2948 | Ossuary  | Entered an ossuary
  2964 | Ossuary  | Reached skill level 5 in Fighting
  2978 | Ossuary  | Reached *** piety under Trog
  3405 | D:4      | Reached skill level 1 in Stealth
  3501 | D:4      | Reached XP level 7. HP: 56/61 MP: 6/6
  3761 | D:4      | Reached skill level 7 in Axes
  3948 | D:5      | Entered Level 5 of the Dungeon
  3999 | D:5      | Found a hazy altar of Hepliaklqana.
  4000 | D:5      | Found a stormy altar of Qazlal.
  4030 | D:5      | Found a radiant altar of Vehumet.
  4223 | D:5      | Found a runed translucent gate.
  4223 | D:5      | Found a runed translucent gate.
  4223 | D:5      | Found a runed translucent gate.
  4225 | D:5      | Found an opulent altar of Gozag.
  4228 | D:5      | Noticed Danienth's ghost (amateur GnDe)
  4340 | D:5      | Killed Danienth's ghost
  4342 | D:5      | Reached skill level 8 in Axes
  4342 | D:5      | Reached skill level 5 in Armour
  4343 | D:5      | Reached XP level 8. HP: 49/70 MP: 7/7
  4594 | D:5      | You fall into a shaft and drop 3 floors!
  4692 | D:7      | Reached skill level 9 in Axes
  4782 | D:6      | Reached skill level 10 in Axes
  5211 | D:5      | Found a glowing golden altar of the Shining One.
  5317 | D:5      | Reached **** piety under Trog
  6323 | D:7      | Reached XP level 9. HP: 70/78 MP: 8/8
  6655 | D:7      | Reached skill level 11 in Axes
  7121 | D:7      | Reached skill level 12 in Axes
  7988 | D:8      | Noticed Grum
  7996 | D:8      | Killed Grum
  8273 | D:8      | Reached XP level 10. HP: 86/86 MP: 9/9
  8302 | D:8      | Reached skill level 13 in Axes
  8360 | D:8      | Found a basalt altar of Yredelemnul.
  8533 | D:8      | Found a shimmering blue altar of Sif Muna.
  8537 | D:8      | Found a burning altar of Makhleb.
  8542 | D:8      | Found a blossoming altar of Fedhas.
  9273 | D:9      | Identified the +1 leather armour of Surprise {rN+ Int+3
                  | Dex+3}
  9472 | D:9      | Found Cixutyt's Overcharged Wands.
  9673 | D:10     | Entered Level 10 of the Dungeon
  9904 | D:10     | Reached skill level 10 in Armour
  9962 | D:10     | Found a large runed translucent door.
  9962 | D:10     | Found a large runed translucent door.
 10080 | D:10     | Found a glowing silver altar of Zin.
 10096 | D:10     | Found a sparkling altar of Nemelex Xobeh.
 10159 | D:10     | Reached skill level 14 in Axes
 10258 | D:10     | Found a snail-covered altar of Cheibriados.
 10572 | D:11     | Found a staircase to the Lair.
 10584 | D:11     | Reached XP level 11. HP: 57/97 MP: 10/10
 10650 | D:11     | Killed from afar by a vampire

Illustrated notes

Levels and vault maps discovered:
D:1:      dpeg_arrival_erosion, layout_loops_ring,
          dreamdust_ecumenical_altar_hidden_monk_grotto
D:2:      layout_loops_corners, basic_altar, kennysheep_small_spiral
D:3:      layout_loops_corners, nicolae_uskayaw_suspiria
D:4:      layout_layer_cave, minmay_temple_entry_sparse_star,
          gup_ossuary_entry_pyramid
D:5:      layout_basic, amcnicky_altar_gilded, fiery_altar_vehumet,
          nicolae_overflow_squiral, ebering_ghost_gozag, minmay_crystal_water
D:6:      hellmonk_destroyed_diamonds, layout_basic
D:7:      layout_layer_cave
D:8:      layout_rooms, nicolae_yredelemnul_corpse_copse,
          grunt_temple_overflow_diamond, uniq_grum
D:9:      layout_loops_corners, nicolae_shop_overcharged_wands
D:10:     layout_roguey, cheibriados_altar_1, jmf_multi_god_temple2,
          st_stairs_3, serial_bayou_crossing
D:11:     layout_rooms, hellmonk_lair_entry_icy, serial_shops, shop

Skill      XL: |  1  2  3  4  5  6  7  8  9 10 11 |
---------------+----------------------------------+-----
Fighting       | 4 5 6 7 9 |  9.1
Axes           | 4 5 6 8 10 12 14 | 14.8
Armour         | 3 4 5 6 9 10 11 | 11.1
Dodging        | 3 4 |  4.3
Stealth        | 1 |  1.7

Action                     |  1- 3 |  4- 6 |  7- 9 | 10-12 || total
---------------------------+-------+-------+-------+-------++-------
  Melee: Hand axe          |    67 |    14 |       |       ||    81
         Headbutt          |    11 |    10 |    31 |    11 ||    63
         War axe           |       |    74 |   118 |       ||   192
         Punch             |       |       |     1 |       ||     1
         Battleaxe         |       |       |    57 |    93 ||   150
 Invoke: Berserk           |       |     1 |     5 |     1 ||     7
    Use: Potion            |       |     6 |       |     1 ||     7
         Scroll            |       |       |    20 |     3 ||    23
 Armour: Animal skin       |    20 |       |       |       ||    20
         Leather armour    |     6 |     6 |       |       ||    12
         Scale mail        |       |    34 |       |       ||    34
         Skin              |       |     4 |       |       ||     4
         Ring mail         |       |     3 |    12 |       ||    15
         Plate armour      |       |       |   138 |   134 ||   272
  Dodge: Dodged            |    57 |    43 |   116 |    57 ||   273
